 Dungeon Crawl Stone Soup version 0.29.1-2-gbd0b4ee654 (webtiles) character file.

Game seed: 1963046892414670716

194 tevo3000 the Covered (level 5, 0/33 HPs)
             Began as a Gargoyle Fighter on Nov 26, 2022.
             Was a Priest of Lugonu.
             Slain by a gnoll
             ... wielding a +0 spear
              (3 damage)
             ... on level 4 of the Dungeon on Nov 27, 2022.
             The game lasted 00:10:22 (2363 turns).

tevo3000 the Covered (Gargoyle Fighter)             Turns: 2363, Time: 00:10:23

Health: 0/33       AC: 12    Str: 21    XL:     5   Next: 73%
Magic:  5/5        EV: 10    Int:  9    God:    Lugonu [***...]
Gold:   168        SH:  4    Dex:  9    Spells: 4/4 levels left

rFire   . . .      SeeInvis .   a - +0 flail
rCold   . . .      Faith    .   c - +0 buckler
rNeg    + . .      Spirit   .   b - +0 scale mail
rPois   ∞          Reflect  .   t - +0 helmet
rElec   +          Harm     .   (no cloak)
rCorr   .          Rampage  .   (no gloves)
Will    .....                   (no boots)
Stlth   ..........              (no amulet)
HPRegen 0.11/turn               h - +4 ring of evasion
MPRegen 0.09/turn               (no ring)

@: constricted
A: sickness immunity, AC +4, negative energy resistance 1, electricity
resistance, torment resistance 1, petrification resistance
a: Renounce Religion, Depart the Abyss, Bend Space, Banish


You were on level 4 of the Dungeon.
You worshipped Lugonu.
Lugonu was most pleased with you.
You visited 1 branch of the dungeon, and saw 4 of its levels.

You collected 168 gold pieces.

Inventory:

Hand Weapons
 a - a +0 flail (weapon)
Armour
 b - a +0 scale mail (worn)
 c - a +0 buckler (worn)
 t - a +0 helmet (worn)
Magical Staves
 i - a staff of cold
Jewellery
 h - a +4 ring of evasion (left hand)
Scrolls
 g - 2 scrolls of enchant weapon
 l - a scroll of vulnerability
 m - 3 scrolls of brand weapon
 n - 3 scrolls of enchant armour
 r - a scroll of noise {unknown}
 u - a scroll of silence {unknown}
 v - a scroll of torment {unknown}
Potions
 d - a potion of might
 e - a potion of ambrosia
 j - a potion of attraction {unknown}
 k - a potion of curing
 o - a potion of brilliance {unknown}
 p - a potion of mutation {unknown}
 s - 2 potions of berserk rage {unknown}


   Skills:
 + Level 4.2 Fighting
 + Level 3.0 Maces & Flails
 * Level 5.0 Armour
 + Level 4.2 Shields


You had 4 spell levels left.
You didn't know any spells.
Your spell library contained the following spells:

 Spells                   Type           Power      Damage    Failure   Level
 Magic Dart               Conj           0%         1d3       80%         1
 Ensorcelled Hibernation  Hex/Ice        0%         N/A       91%         2
 Passwall                 Tmut/Erth      0%         N/A       91%         2
 Searing Ray              Conj           0%         2d4       91%         2
 Dazzling Flash           Conj/Hex       0%         N/A       99%         3
 Swiftness                Air            0%         N/A       99%         3
 Fulminant Prism          Conj/Hex       0%         3d6       100%        4
 Agony                    Necr           0%         N/A       100%        5
 Silence                  Hex/Air        0%         N/A       100%        5


Dungeon Overview and Level Annotations

Branches:
Dungeon (4/15)             Temple (0/1) D:4

Altars:
Gozag
Lugonu

Shops:
D:1 =

Portals:
Sewer: D:4


Innate Abilities, Weirdness & Mutations

You are immune to sickness and miasma.
Your stone body is resilient. (AC +4)
You are immune to poison.
You resist negative energy. (rN+)
You are resistant to electric shocks. (rElec)
You are resistant to unholy torment.
You are immune to petrification.


Message History

The ball python grabs you. The ball python constricts you.
You block the adder's attack.
The gnoll hits you from afar with a +0 spear.
The river rat bites you but does no damage.
The rat bites you but does no damage.
The gnoll hits you from afar with a +0 halberd.
You hit the ball python.
The ball python is severely wounded.
The adder closely misses you. The ball python barely misses you.
The ball python constricts you. The adder closely misses you.
The rat bites you but does no damage. The adder bites you but does no damage.
You block the gnoll's attack. You block the river rat's attack.
The ball python barely misses you. The ball python constricts you.
The rat bites you but does no damage. The gnoll completely misses you.
The adder bites you but does no damage.
You closely miss the ball python.
The ball python is severely wounded.
The adder barely misses you. You block the adder's attack.
The ball python bites you but does no damage.
The ball python constricts you. You block the rat's attack.
The gnoll barely misses you.
The river rat bites you but does no damage.
The rat bites you but does no damage. The gnoll closely misses you.
The adder bites you. x2; The ball python barely misses you.
The ball python constricts you.
You barely miss the ball python.
The ball python is severely wounded.
You block the rat's attack. The gnoll hits you but does no damage.
You block the river rat's attack. The rat bites you but does no damage.
The gnoll hits you from afar with a +0 halberd!
* * * LOW HITPOINT WARNING * * *
The adder barely misses you.
A water moccasin comes into view.
The adder bites you.
* * * LOW HITPOINT WARNING * * *
The ball python bites you.
* * * LOW HITPOINT WARNING * * *
The ball python constricts you. The rat closely misses you.
The gnoll hits you from afar with a +0 spear.
You die...

**,,#$....#....,,,,,,,,,
**,**###.###....,,,,,,,,,
**,** #.........,,,,,,,,,
*,** ##....###.,,,,,,,,,
*,** #....###.,,,,,,,,,
**,* #........,,,,,*,,,
*,** #g.......,<,****,*
**,** #SS......,,,,***,*
*,,***#@r......,,,,**,,,
#.....Srrg.....,,,,,,,,,
####~~.........,,,,,,,,*
#~~~........,,,,,,,**
#~~~~.......,,,,,,,**
#~~~~.......,,,,,*,,*
#∩~~~~#....S,,,,***,*
######.....#,,,** **,
**,,,**,,** *,


You could see a water moccasin (wandering), 2 gnolls, 2 adders, a river rat, a
ball python and 2 rats.

Vanquished Creatures
  2 hounds
  Jessica (D:2)
  Natasha (twice) (D:3)
  An adder (D:2)
  An orc (D:3)
  5 endoplasms
  4 giant cockroaches
  A goblin (D:1)
  5 hobgoblins
  3 jackals (D:3)
  3 kobolds
  A quokka (D:1)
  7 ball pythons
  4 bats
  2 frilled lizards
  5 rats
47 creatures vanquished.

Notes
Turn   | Place    | Note
-------+----------+-------------------------------------------
     0 | D:1      | tevo3000 the Gargoyle Fighter began the quest for the Orb.
     0 | D:1      | Reached XP level 1. HP: 14/14 MP: 1/1
   130 | D:1      | Found Loan's Jewellery Shoppe.
   233 | D:1      | Reached XP level 2. HP: 18/19 MP: 2/2
   437 | D:1      | Found a faded altar of an unknown god.
   470 | D:1      | Prayed at the altar of an unknown god.
   470 | D:1      | Became a worshipper of Lugonu the Unformed
   470 | D:1      | Reached * piety under Lugonu
   470 | D:1      | Reached ** piety under Lugonu
   835 | D:1      | You fall into a shaft and drop 1 floor!
  1000 | D:2      | Reached XP level 3. HP: 22/23 MP: 3/3
  1304 | D:2      | Reached skill level 4 in Armour
  1374 | D:2      | Noticed Jessica
  1379 | D:2      | Killed Jessica
  1380 | D:2      | Reached XP level 4. HP: 28/29 MP: 4/4
  1718 | D:3      | Noticed Natasha
  1756 | D:3      | Killed Natasha
  1757 | D:3      | Reached XP level 5. HP: 18/33 MP: 5/5
  2089 | D:3      | Noticed Natasha
  2123 | D:3      | Killed Natasha
  2340 | D:4      | Found an opulent altar of Gozag.
  2356 | D:4      | Found a glowing drain.
  2359 | D:4      | Reached skill level 5 in Armour
  2359 | D:4      | Reached *** piety under Lugonu
  2363 | D:4      | Noticed a water moccasin
  2363 | D:4      | Slain by a gnoll

Illustrated notes

Levels and vault maps discovered:
D:1:      lightli_arrival_statue_moat, layout_loops_corners, serial_shops,
          nicolae_shop_competitors_out_of_business,
          hellmonk_ecumenical_altar_pennies_from_heaven
D:2:      layout_basic, uniq_jessica
D:3:      layout_rooms, kennysheep_generic_room_15, uniq_natasha
D:4:      minmay_opposing_rooms, layout_layer_cave,
          nicolae_gozag_cash_rules_everything_around_me, kennysheep_slug_shrine,
          minmay_temple_entry_slanted, portal_sewer_entry_b, serial_shops,
          nicolae_shop_waterfront

Skill      XL: |  1  2  3  4  5 |
---------------+----------------+-----
Armour         | 4 5 |  5.0
Fighting       | 4 |  4.2
Shields        | 4 |  4.2
Maces & Flails | 3 |  3.0

Action                   |  1- 3 |  4- 6 || total
-------------------------+-------+-------++-------
Melee: Flail             |    91 |    98 ||   189
  Use: Potion            |       |     5 ||     5
       Scroll            |       |     7 ||     7
Armor: Scale mail        |    70 |    84 ||   154
Dodge: Dodged            |    50 |    81 ||   131
Block: Buckler           |    22 |    35 ||    57
